TOP OF THE 1ST |
Walla Walla Walleyes batting - Pitching for Bellingham Mariners : RHP Anthony Stearns
|
Pitching: RHP Anthony Stearns
|
|
Batting: SHB Damon Farmar
|
0-0: Foul Ball, location: 2F 0-1: Ball 1-1: Foul Ball, location: 2F 1-2: Ball 2-2: Ball 3-2: Hit by Pitch
|
Batting: RHB John Cortez
|
0-0: SINGLE (Line Drive, 7S, EV 107.5 MPH) Damon Farmar to second
|
Batting: RHB Curtis Burke
|
0-0: Called Strike Damon Farmar steals 3rd base (no throw) John Cortez to second 0-1: Ball 1-1: Ground out 5-3 (Groundball, 56S, EV 71.9 MPH) Damon Farmar scores John Cortez to third
|
Batting: SHB Mike A Brumley
|
0-0: Swinging Strike 0-1: Called Strike 0-2: Ball 1-2: Foul Ball, location: 2F 1-2: Ball 2-2: Foul Ball, location: 2F 2-2: DOUBLE (Line Drive, 8LXD, EV 111.3 MPH) John Cortez scores
|
Batting: LHB Thomas Gertz
|
0-0: Ball 1-0: SINGLE (Groundball, 4MS, EV 64.4 MPH) (infield hit) Mike A Brumley to third
|
Batting: LHB Brian Hartsock
|
0-0: Ball 1-0: Ball 2-0: Fly out, F8 (Flyball, 8RM, EV 86.3 MPH) Runner from 3rd tags up, SCORES, throw by CF
|
Batting: SHB Jeff McKnight
|
0-0: Foul Ball, location: 2F 0-1: Called Strike 0-2: Foul Ball, location: 2F 0-2: Foul Ball, location: 2F 0-2: Ball Thomas Gertz steals 2nd base 1-2: Ball 2-2: Ball 3-2: Foul Ball, location: 2F 3-2: SINGLE (Line Drive, 89M, EV 105.0 MPH) Thomas Gertz to third Thomas Gertz scores
|
Batting: RHB Wes Kent
|
0-0: Reached on error, E6 (Groundball, 6, EV 99.4 MPH) Jeff McKnight to second
|
Batting: RHB Mitch Lyden
|
0-0: Foul Ball, location: 2F 0-1: Ball 1-1: Foul Ball, location: 2F 1-2: Foul Ball, location: 2F 1-2: Strikes out swinging
|
Top of the 1st over - 4 runs, 4 hits, 1 error, 2 left on base; Walla Walla 4 - Bellingham 0 |
BOTTOM OF THE 1ST |
Bellingham Mariners batting - Pitching for Walla Walla Walleyes : RHP John Johnson
|
Pitching: RHP John Johnson
|
|
Batting: LHB Dan O'Regan
|
0-0: Ball 1-0: Called Strike 1-1: Swinging Strike 1-2: Ball 2-2: Foul Ball, location: 2F 2-2: Foul Ball, location: 2F 2-2: Ball 3-2: Base on Balls
|
Batting: RHB Norm Carrasco
|
0-0: Foul Ball, location: 2F 0-1: Ball Wild Pitch! Dan O'Regan to second 1-1: Foul Ball, location: 2F 1-2: SINGLE (Groundball, 56, EV 98.8 MPH) (infield hit) Dan O'Regan to third
|
Batting: RHB Juan Delgado
|
0-0: Ball 1-0: SINGLE (Line Drive, 9S, EV 107.5 MPH) Dan O'Regan scores Norm Carrasco to second
|
Batting: SHB Paul Felix
|
0-0: SINGLE (Line Drive, 9LS, EV 95.0 MPH) Norm Carrasco to third Juan Delgado to second
|
Batting: LHB Thomas Graziano
|
0-0: Ball 1-0: Swinging Strike 1-1: Ball 2-1: Ball 3-1: Base on Balls Norm Carrasco scores Juan Delgado to third Paul Felix to second
|
Batting: RHB Hector Rivera
|
0-0: Foul Ball, location: 2F 0-1: Fly out, F5 (Line Drive, 5, EV 70.6 MPH)
|
Batting: RHB Elza Nevoeiro
|
0-0: Called Strike 0-1: Ball 1-1: Ball 2-1: Called Strike 2-2: Strikes out swinging
|
Batting: RHB Werner Lajszky
|
0-0: Called Strike 0-1: Swinging Strike 0-2: Ball 1-2: Ball 2-2: Ground out 6-3 (Groundball, 6S, EV 84.4 MPH)
|
Bottom of the 1st over - 2 runs, 3 hits, 0 errors, 3 left on base; Walla Walla 4 - Bellingham 2 |
TOP OF THE 2ND |
Walla Walla Walleyes batting - Pitching for Bellingham Mariners : RHP Anthony Stearns
|
Batting: SHB Damon Farmar
|
0-0: Called Strike 0-1: Called Strike 0-2: Ball 1-2: Ball 2-2: Ball 3-2: Fly out, F8 (Flyball, 8RS, EV 76.3 MPH)
|
Batting: RHB John Cortez
|
0-0: Ball 1-0: Foul Ball, location: 2F 1-1: Ground out 1-3 (Groundball, 13S, EV 76.3 MPH)
|
Batting: RHB Curtis Burke
|
0-0: Called Strike 0-1: Ball 1-1: Ball 2-1: Foul Ball, location: 2F 2-2: Strikes out swinging
|
Top of the 2nd over - 0 runs, 0 hits, 0 errors, 0 left on base; Walla Walla 4 - Bellingham 2 |
BOTTOM OF THE 2ND |
Bellingham Mariners batting - Pitching for Walla Walla Walleyes : RHP John Johnson
|
Batting: RHB Barry Cheesman
|
0-0: SINGLE (Groundball, 6MD, EV 110.0 MPH)
|
Batting: LHB Dan O'Regan
|
0-0: Ball 1-0: Ball 2-0: Called Strike 2-1: Called Strike 2-2: Foul Ball, location: 2F 2-2: Strikes out swinging
|
Batting: RHB Norm Carrasco
|
0-0: Ball 1-0: Ball 2-0: Ball 3-0: Called Strike 3-1: Swinging Strike 3-2: Base on Balls Barry Cheesman to second
|
Batting: RHB Juan Delgado
|
0-0: Ball 1-0: Called Strike 1-1: Fielders Choice at 2nd, 6-4 (Groundball, 6, EV 83.8 MPH) Barry Cheesman to third
|
Batting: SHB Paul Felix
|
0-0: Ground out 4-3 (Groundball, 4, EV 105.0 MPH)
|
Bottom of the 2nd over - 0 runs, 1 hit, 0 errors, 2 left on base; Walla Walla 4 - Bellingham 2 |
TOP OF THE 3RD |
Walla Walla Walleyes batting - Pitching for Bellingham Mariners : RHP Anthony Stearns
|
Batting: SHB Mike A Brumley
|
0-0: Foul Ball, location: 2F 0-1: Ball 1-1: Called Strike 1-2: Ball 2-2: Ball 3-2: Strikes out swinging
|
Batting: LHB Thomas Gertz
|
0-0: Ball 1-0: Foul Ball, location: 2F 1-1: Ball 2-1: Called Strike 2-2: Strikes out swinging
|
Batting: LHB Brian Hartsock
|
0-0: Ball 1-0: Ball 2-0: Ball 3-0: Called Strike 3-1: Ground out 4-3 (Groundball, 4, EV 105.6 MPH)
|
Top of the 3rd over - 0 runs, 0 hits, 0 errors, 0 left on base; Walla Walla 4 - Bellingham 2 |
BOTTOM OF THE 3RD |
Bellingham Mariners batting - Pitching for Walla Walla Walleyes : RHP John Johnson
|
Batting: LHB Thomas Graziano
|
0-0: Ball 1-0: Ball 2-0: Called Strike 2-1: Foul Ball, location: 2F 2-2: SINGLE (Line Drive, 8LS, EV 108.1 MPH)
|
Batting: RHB Hector Rivera
|
0-0: Swinging Strike 0-1: Foul Ball, location: 2F 0-2: Ball 1-2: Ball 2-2: Strikes out swinging
|
Batting: RHB Elza Nevoeiro
|
0-0: Called Strike 0-1: Foul Ball, location: 2F 0-2: Foul Ball, location: 2F 0-2: Fly out, F8 (Flyball, 8LM, EV 83.8 MPH)
|
Batting: RHB Werner Lajszky
|
0-0: Ball 1-0: Foul Ball, location: 2F 1-1: Ball 2-1: Swinging Strike 2-2: Ball 3-2: Ground out 5-3 (Groundball, 5L, EV 91.3 MPH)
|
Bottom of the 3rd over - 0 runs, 1 hit, 0 errors, 1 left on base; Walla Walla 4 - Bellingham 2 |
TOP OF THE 4TH |
Walla Walla Walleyes batting - Pitching for Bellingham Mariners : RHP Anthony Stearns
|
Batting: SHB Jeff McKnight
|
0-0: Ground out 5-3 (Groundball, 56S, EV 67.5 MPH)
|
Batting: RHB Wes Kent
|
0-0: Ball 1-0: Foul Ball, location: 2F 1-1: Ball 2-1: Ball 3-1: Fly out, F8 (Flyball, 8RM, EV 76.9 MPH)
|
Batting: RHB Mitch Lyden
|
0-0: SINGLE (Groundball, 56D, EV 102.5 MPH)
|
Batting: SHB Damon Farmar
|
0-0: Ball 1-0: Ball Mitch Lyden is caught stealing 2nd base 2-6
|
Top of the 4th over - 0 runs, 1 hit, 0 errors, 0 left on base; Walla Walla 4 - Bellingham 2 |
BOTTOM OF THE 4TH |
Bellingham Mariners batting - Pitching for Walla Walla Walleyes : RHP John Johnson
|
Batting: RHB Barry Cheesman
|
0-0: Ball 1-0: Foul Ball, location: 2F 1-1: Foul Ball, location: 2F 1-2: Foul Ball, location: 2F 1-2: Ball 2-2: Strikes out looking
|
Batting: LHB Dan O'Regan
|
0-0: Ball 1-0: Foul Ball, location: 2F 1-1: Swinging Strike 1-2: Ball 2-2: Foul Ball, location: 2F 2-2: Foul Ball, location: 2F 2-2: Strikes out swinging
|
Batting: RHB Norm Carrasco
|
0-0: SINGLE (Line Drive, 9S, EV 104.4 MPH)
|
Batting: RHB Juan Delgado
|
0-0: Ball Norm Carrasco is caught stealing 2nd base 2-4
|
Bottom of the 4th over - 0 runs, 1 hit, 0 errors, 0 left on base; Walla Walla 4 - Bellingham 2 |
TOP OF THE 5TH |
Walla Walla Walleyes batting - Pitching for Bellingham Mariners : RHP Anthony Stearns
|
Batting: SHB Damon Farmar
|
0-0: Ball 1-0: Ball 2-0: Called Strike 2-1: Foul Ball, location: 2F 2-2: Ball 3-2: Fly out, F3 (Flyball, 3D, EV 88.8 MPH)
|
Batting: RHB John Cortez
|
0-0: Foul Ball, location: 2F 0-1: Ball 1-1: Called Strike 1-2: Ball 2-2: Foul Ball, location: 2F 2-2: Foul Ball, location: 2F 2-2: Ground out 1-3 (Groundball, 34S, EV 76.9 MPH)
|
Batting: RHB Curtis Burke
|
0-0: Called Strike 0-1: Ball 1-1: Ball 2-1: Fly out, F8 (Flyball, 8LD, EV 101.3 MPH)
|
Top of the 5th over - 0 runs, 0 hits, 0 errors, 0 left on base; Walla Walla 4 - Bellingham 2 |
BOTTOM OF THE 5TH |
Bellingham Mariners batting - Pitching for Walla Walla Walleyes : RHP John Johnson
|
Batting: RHB Juan Delgado
|
0-0: Called Strike 0-1: Ball 1-1: Foul Ball, location: 2F 1-2: DOUBLE (Line Drive, 7LM, EV 100.0 MPH)
|
Batting: SHB Paul Felix
|
0-0: Ball 1-0: Ball 2-0: Ball 3-0: Called Strike 3-1: Base on Balls
|
Batting: LHB Thomas Graziano
|
0-0: Ball 1-0: Grounds into double play, 4-6-3 (Groundball, 4, EV 103.1 MPH) Juan Delgado to third
|
Batting: RHB Hector Rivera
|
0-0: Ball 1-0: Foul Ball, location: 2F 1-1: Ball 2-1: DOUBLE (Line Drive, 7LM, EV 107.5 MPH) Juan Delgado scores
|
Batting: RHB Elza Nevoeiro
|
0-0: Ball 1-0: Foul Ball, location: 2F 1-1: Foul Ball, location: 2F 1-2: Foul Ball, location: 2F 1-2: Foul Ball, location: 2F 1-2: Ground out 6-3 (Groundball, 6M, EV 106.3 MPH)
|
Bottom of the 5th over - 1 run, 2 hits, 0 errors, 1 left on base; Walla Walla 4 - Bellingham 3 |
TOP OF THE 6TH |
Walla Walla Walleyes batting - Pitching for Bellingham Mariners : RHP Anthony Stearns
|
Batting: SHB Mike A Brumley
|
0-0: Ball 1-0: Called Strike 1-1: Called Strike 1-2: Ball 2-2: Foul Ball, location: 2F 2-2: Ground out 5-3 (Groundball, 56, EV 111.9 MPH)
|
Batting: LHB Thomas Gertz
|
0-0: Ball 1-0: Foul Ball, location: 2F 1-1: Ball 2-1: Swinging Strike 2-2: Ball 3-2: Foul Ball, location: 2F 3-2: Base on Balls
|
Batting: LHB Brian Hartsock
|
0-0: Called Strike 0-1: Foul Ball, location: 2F 0-2: Ball 1-2: Strikes out looking
|
Batting: SHB Jeff McKnight
|
0-0: Ball Thomas Gertz is caught stealing 2nd base 2-6
|
Top of the 6th over - 0 runs, 0 hits, 0 errors, 0 left on base; Walla Walla 4 - Bellingham 3 |
BOTTOM OF THE 6TH |
Bellingham Mariners batting - Pitching for Walla Walla Walleyes : RHP John Johnson
|
Batting: RHB Werner Lajszky
|
0-0: Ground out 6-3 (Groundball, 56, EV 105.6 MPH)
|
Batting: RHB Barry Cheesman
|
0-0: Ball 1-0: Foul Ball, location: 2F 1-1: Ball 2-1: Ball 3-1: Foul Ball, location: 2F 3-2: Strikes out swinging
|
Batting: LHB Dan O'Regan
|
0-0: Foul Ball, location: 2F 0-1: Ball 1-1: Ball 2-1: Ball 3-1: Foul Ball, location: 2F 3-2: Foul Ball, location: 2F 3-2: Ground out 4-3 (Groundball, 13, EV 76.9 MPH)
|
Bottom of the 6th over - 0 runs, 0 hits, 0 errors, 0 left on base; Walla Walla 4 - Bellingham 3 |
TOP OF THE 7TH |
Walla Walla Walleyes batting - Pitching for Bellingham Mariners : RHP Anthony Stearns
|
Batting: SHB Jeff McKnight
|
0-0: Ball 1-0: Foul Ball, location: 2F 1-1: Ground out 6-3 (Groundball, 6, EV 107.5 MPH)
|
Batting: RHB Wes Kent
|
0-0: Ball 1-0: SINGLE (Groundball, 6MD, EV 110.0 MPH)
|
Batting: RHB Mitch Lyden
|
0-0: Called Strike 0-1: Called Strike 0-2: Ball 1-2: Ball 2-2: Reached on error, E1 (Groundball, 13S, EV 70.6 MPH) Wes Kent to second
|
Batting: SHB Damon Farmar
|
0-0: Swinging Strike 0-1: Foul Ball, location: 2F 0-2: Ball Wild Pitch! Wes Kent to third Mitch Lyden to second 1-2: Ball 2-2: SINGLE (Line Drive, 8LM, EV 105.6 MPH) Wes Kent scores Mitch Lyden to third
|
Batting: RHB John Cortez
|
0-0: Ball Damon Farmar is caught stealing 2nd base 2-4 1-0: Fly out, F8 (Flyball, 8RXD, EV 91.9 MPH)
|
Top of the 7th over - 1 run, 2 hits, 1 error, 1 left on base; Walla Walla 5 - Bellingham 3 |
BOTTOM OF THE 7TH |
Bellingham Mariners batting - Pitching for Walla Walla Walleyes : RHP John Johnson
|
Batting: RHB Norm Carrasco
|
0-0: Ball 1-0: Ball 2-0: Ball 3-0: Called Strike 3-1: Ground out 5-3 (Groundball, 15, EV 85.0 MPH)
|
Batting: RHB Juan Delgado
|
0-0: Called Strike 0-1: Ground out 5-3 (Groundball, 56S, EV 92.5 MPH)
|
Batting: SHB Paul Felix
|
0-0: Foul Ball, location: 2F 0-1: Ball 1-1: Swinging Strike 1-2: SOLO HOME RUN (Flyball, 9LD, EV 94.4 MPH), Distance : 357 ft
|
Batting: LHB Thomas Graziano
|
0-0: Ball 1-0: Ball 2-0: Foul Ball, location: 2F 2-1: Fly out, F1 (Line Drive, P, EV 69.4 MPH)
|
Bottom of the 7th over - 1 run, 1 hit, 0 errors, 0 left on base; Walla Walla 5 - Bellingham 4 |
TOP OF THE 8TH |
Walla Walla Walleyes batting - Pitching for Bellingham Mariners : RHP Anthony Stearns
|
Pitching: RHP Jay Samuel
|
|
Batting: RHB Curtis Burke
|
0-0: SINGLE (Groundball, 6D, EV 101.3 MPH)
|
Batting: SHB Mike A Brumley
|
0-0: Ball 1-0: Fly out, F5 (Popup, 56, EV 79.4 MPH)
|
Batting: LHB Thomas Gertz
|
0-0: 2-RUN HOME RUN (Flyball, 9D, EV 98.8 MPH), Distance : 358 ft
|
Batting: LHB Brian Hartsock
|
0-0: Ball 1-0: Called Strike 1-1: Swinging Strike 1-2: Fly out, F8 (Flyball, 8LXD, EV 100.6 MPH)
|
Batting: SHB Jeff McKnight
|
0-0: Foul Ball, location: 2F 0-1: Foul Ball, location: 2F 0-2: SINGLE (Line Drive, 9S, EV 101.3 MPH)
|
Batting: RHB Wes Kent
|
0-0: Fielders Choice at 2nd, 5-4 (Groundball, 5L, EV 92.5 MPH)
|
Top of the 8th over - 2 runs, 3 hits, 0 errors, 1 left on base; Walla Walla 7 - Bellingham 4 |
BOTTOM OF THE 8TH |
Bellingham Mariners batting - Pitching for Walla Walla Walleyes : RHP John Johnson
|
Batting: RHB Hector Rivera
|
0-0: Ball 1-0: Swinging Strike 1-1: Fly out, F7 (Flyball, 78S, EV 85.6 MPH)
|
Batting: RHB Elza Nevoeiro
|
0-0: Ball 1-0: Ball 2-0: Ball 3-0: Base on Balls
|
Batting: RHB Werner Lajszky
|
0-0: Foul Ball, location: 2F 0-1: Called Strike 0-2: 2-RUN HOME RUN (Flyball, 7LD, EV 95.0 MPH), Distance : 354 ft
|
Pitching: RHP Lance Aldrich
|
|
Batting: RHB Barry Cheesman
|
0-0: Called Strike 0-1: Ball 1-1: Swinging Strike 1-2: Ball 2-2: SINGLE (Groundball, 4MD, EV 96.9 MPH)
|
Batting: LHB Dan O'Regan
|
0-0: DOUBLE (Line Drive, 7LS, EV 98.1 MPH) Barry Cheesman to third
|
Batting: RHB Norm Carrasco
|
0-0: Ball 1-0: Hit by Pitch
|
Batting: RHB Juan Delgado
|
0-0: Ball 1-0: Ball 2-0: Ball 3-0: Base on Balls Barry Cheesman scores Dan O'Regan to third Norm Carrasco to second
|
Batting: SHB Paul Felix
|
0-0: Grounds into fielders choice 3-2 (Groundball, 3, EV 83.1 MPH) Norm Carrasco to third Juan Delgado to second
|
Batting: LHB Thomas Graziano
|
0-0: Ball 1-0: Ball 2-0: Ball 3-0: Called Strike 3-1: Foul Ball, location: 2F 3-2: Ground out 5-3 (Groundball, 56, EV 100.0 MPH)
|
Bottom of the 8th over - 3 runs, 3 hits, 0 errors, 3 left on base; Walla Walla 7 - Bellingham 7 |
TOP OF THE 9TH |
Walla Walla Walleyes batting - Pitching for Bellingham Mariners : RHP Jay Samuel
|
Pitching: LHP Bernard Gallo
|
|
Pinch Hitting: SHB Rafael Rivas
|
0-0: Ball 1-0: Swinging Strike 1-1: Called Strike 1-2: Foul Ball, location: 2F 1-2: Foul Ball, location: 2F 1-2: Strikes out swinging
|
Batting: SHB Damon Farmar
|
0-0: Foul Ball, location: 2F 0-1: Ball 1-1: Ball 2-1: Ball 3-1: Fly out, F7 (Flyball, 7, EV 92.5 MPH)
|
Batting: RHB John Cortez
|
0-0: Called Strike 0-1: Called Strike 0-2: Ground out 6-3 (Groundball, 6MD, EV 106.9 MPH)
|
Top of the 9th over - 0 runs, 0 hits, 0 errors, 0 left on base; Walla Walla 7 - Bellingham 7 |
BOTTOM OF THE 9TH |
Bellingham Mariners batting - Pitching for Walla Walla Walleyes : RHP Lance Aldrich
|
Pitching: LHP Alex Marquez
|
|
Now at C: Rafael Rivas
|
|
Batting: RHB Hector Rivera
|
0-0: Called Strike 0-1: Swinging Strike 0-2: Strikes out swinging
|
Batting: RHB Elza Nevoeiro
|
0-0: Ball 1-0: Swinging Strike 1-1: Ball 2-1: Ball 3-1: Foul Ball, location: 2F 3-2: Strikes out swinging
|
Batting: RHB Werner Lajszky
|
0-0: Called Strike 0-1: Ball 1-1: Ball 2-1: Ball 3-1: TRIPLE (Groundball, 3L, EV 105.0 MPH)
|
Batting: RHB Barry Cheesman
|
0-0: Ball 1-0: Called Strike 1-1: Foul Ball, location: 2F 1-2: Ball 2-2: Ball 3-2: Base on Balls
|
Batting: LHB Dan O'Regan
|
0-0: Ball 1-0: Called Strike 1-1: Foul Ball, location: 2F 1-2: Ball 2-2: Strikes out swinging
|
Bottom of the 9th over - 0 runs, 1 hit, 0 errors, 2 left on base; Walla Walla 7 - Bellingham 7 |
TOP OF THE 10TH |
Walla Walla Walleyes batting - Pitching for Bellingham Mariners : LHP Bernard Gallo
|
Batting: RHB Curtis Burke
|
0-0: Ball 1-0: Called Strike 1-1: Foul Ball, location: 2F 1-2: Ball 2-2: Ball 3-2: Strikes out swinging
|
Batting: SHB Mike A Brumley
|
0-0: Called Strike 0-1: Called Strike 0-2: Ball 1-2: Strikes out swinging
|
Batting: LHB Thomas Gertz
|
0-0: Ball 1-0: Foul Ball, location: 2F 1-1: Foul Ball, location: 2F 1-2: Ball 2-2: Fly out, F7 (Flyball, 7, EV 92.5 MPH)
|
Top of the 10th over - 0 runs, 0 hits, 0 errors, 0 left on base; Walla Walla 7 - Bellingham 7 |
BOTTOM OF THE 10TH |
Bellingham Mariners batting - Pitching for Walla Walla Walleyes : LHP Alex Marquez
|
Batting: RHB Norm Carrasco
|
0-0: DOUBLE (Line Drive, 9LS, EV 96.9 MPH)
|
Batting: RHB Juan Delgado
|
0-0: Intentional Walk
|
Batting: SHB Paul Felix
|
0-0: Called Strike 0-1: Foul Ball, location: 2F 0-2: Strikes out swinging
|
Batting: RHB Edward Williams
|
0-0: Ball 1-0: Ball 2-0: Called Strike 2-1: Swinging Strike 2-2: SINGLE (Groundball, 6MD, EV 100.0 MPH) (infield hit) Norm Carrasco to third Juan Delgado to second
|
Batting: RHB Hector Rivera
|
0-0: Ball 1-0: Grounds into fielders choice 4-2 (Groundball, 4, EV 100.0 MPH) Juan Delgado to third Edward Williams to second
|
Batting: RHB Elza Nevoeiro
|
0-0: Ball Wild Pitch! Juan Delgado scores
|
Bottom of the 10th over - 1 run, 2 hits, 0 errors, 0 left on base; Walla Walla 7 - Bellingham 8 |
|